 Dungeon Crawl Stone Soup version 0.30-a0-451-ge042605de7 (webtiles) character file.

Game seed: 2613116007037559267

644 bande the Covered (level 7, 0/44 HPs)
             Began as a Gargoyle Fighter on Dec 11, 2022.
             Slain by a quasit (2 damage)
             ... summoned by Eustachio
             ... on level 4 of the Dungeon.
             The game lasted 00:06:31 (3365 turns).

bande the Covered (Gargoyle Fighter)                Turns: 3365, Time: 00:06:32

Health: 0/44       AC: 12    Str: 20      XL:     7   Next: 52%
Magic:  3/7        EV:  9    Int:  8      God:
Gold:   257        SH:  4    Dex: 10 (11) Spells: 6/6 levels left

rFire   . . .      SeeInvis .    a - +0 war axe
rCold   . . .      Faith    .    c - +0 buckler
rNeg    + . .      Spirit   .    b - +0 scale mail
rPois   ∞          Reflect  .    (no helmet)
rElec   +          Harm     .    (no cloak)
rCorr   .          Rampage  .    (no gloves)
Will    +....      Clarity  +    (no boots)
Stlth   ..........               (no amulet)
HPRegen 0.27/turn                (no ring)
MPRegen 0.10/turn                (no ring)

@: mighty
A: sickness immunity, AC +4, negative energy resistance 1, electricity
resistance, torment resistance 1, petrification resistance, clarity,
strong-willed 1, wild magic 1
a: no special abilities


You were on level 4 of the Dungeon.
You visited 1 branch of the dungeon, and saw 4 of its levels.
You also visited: Sewer.

You collected 257 gold pieces.

Inventory:

Hand Weapons
 a - a +0 war axe (weapon)
 h - a +0 flail
Armour
 b - a +0 scale mail (worn)
 c - a +0 buckler (worn)
Scrolls
 e - 2 scrolls of enchant armour {unknown}
 g - 2 scrolls of blinking
 m - a scroll of amnesia
 n - a scroll of magic mapping {unknown}
 o - a scroll of fear {unknown}
 r - a scroll of vulnerability {unknown}
 s - a scroll of poison {unknown}
 t - a scroll of enchant weapon {unknown}
 v - a scroll of teleportation {unknown}
Potions
 d - 2 potions of might
 f - 2 potions of flight
 i - a potion of lignification {unknown}
 j - a potion of brilliance {unknown}
 k - 2 potions of mutation
 l - 2 potions of haste {unknown}
 p - a potion of ambrosia {unknown}
 u - a potion of magic {unknown}
 w - a potion of attraction {unknown}


   Skills:
 + Level 4.9 Fighting
 + Level 5.0 Axes
 + Level 5.3 Armour
 - Level 0.2 Dodging
 + Level 4.6 Shields


You had 6 spell levels left.
You didn't know any spells.
Your spell library contained the following spells:

 Spells                   Type           Power      Damage    Failure   Level
 Summon Small Mammal      Summ           0%         N/A       88%         1
 Call Canine Familiar     Summ           0%         N/A       99%         3
 Summon Guardian Golem    Hex/Summ       0%         N/A       99%         3


Dungeon Overview and Level Annotations

Branches:
Dungeon (4/15)              Sewer (visited)
 Temple: D:4-7

Altars:
The Shining One

Annotations:
D:4 Eustachio


Innate Abilities, Weirdness & Mutations

You are immune to sickness and miasma.
Your stone body is resilient. (AC +4)
You are immune to poison.
You resist negative energy. (rN+)
You are resistant to electric shocks. (rElec)
You are resistant to unholy torment.
You are immune to petrification.
You possess an exceptional clarity of mind.
You are strong-willed. (Will+)
Your spells are a little harder to cast, but a little more powerful.


Message History

* * * LOW HITPOINT WARNING * * *
You block the bat's attack.
The quasit bites you but does no damage.
The quasit barely misses you.
The quasit claws you but does no damage.
Eustachio hits you with a +4 antimagic rapier.
* * * LOW HITPOINT WARNING * * *
You feel your power leaking away. The crimson imp closely misses you.
The quasit bites you but does no damage.
The quasit completely misses you. The quasit barely misses you.
Eustachio hits you with a +4 antimagic rapier.
* * * LOW HITPOINT WARNING * * *
You feel your power leaking away.
You completely miss Eustachio.
Eustachio is almost dead.
You miss the crimson imp. You slash the bat!
You kill the bat!
The bat's corpse disappears in a puff of smoke!
You hit the quasit. You block the bat's attack. x2
The quasit bites you but does no damage.
The quasit claws you but does no damage.
The quasit barely misses you.
The crimson imp hits you but does no damage.
Eustachio casts a spell.
Eustachio blinks!
The quasit attacks as you move away!
The quasit bites you but does no damage.
The quasit claws you but does no damage.
You block the quasit's attack.
The crimson imp hits you but does no damage.
Eustachio gestures wildly while chanting.
Eustachio blinks!
The quasit closely misses you. x2
The quasit claws you but does no damage.
You barely miss Eustachio.
Eustachio is almost dead.
You barely miss the quasit. You closely miss the white imp.
You hit the crimson imp. The crimson imp closely misses you.
You block the quasit's attack. The quasit claws you.
You die...

..##+# #.... #.##.#
#.### #.##.# #.###
#....## #.... #.....##
#.### #......######.#
#..§..........#
..#######.....^########
#......5@....###
##.#..55@.#.#
####b##..# #.###.# #.#
#.# #......# # ########


You could see Eustachio, a quasit (summoned), a crimson imp (summoned), a white
imp (summoned) and a bat (summoned).

Vanquished Creatures
  4 kobold brigands (Sewer)
  A necrophage (D:4)
  Jessica (D:2)
  Ijyb (D:3)
  Terence (D:3)
  An iguana (D:3)
  11 adders
  2 river rats (D:3)
  5 worms
  5 orcs (D:3)
  6 bats
  4 endoplasms
  3 giant cockroaches
  A hobgoblin (D:3)
  7 jackals (D:3)
  6 quokkas
  5 ball pythons
  2 frilled lizards (D:3)
  12 goblins
  8 kobolds
  7 rats
93 creatures vanquished.

Notes
Turn   | Place    | Note
-------+----------+-------------------------------------------
     0 | D:1      | bande the Gargoyle Fighter began the quest for the Orb.
     0 | D:1      | Reached XP level 1. HP: 14/14 MP: 1/1
   205 | D:1      | Reached XP level 2. HP: 19/19 MP: 2/2
   616 | D:2      | Reached XP level 3. HP: 23/23 MP: 3/3
   758 | D:2      | Noticed Jessica
   761 | D:2      | Killed Jessica
   762 | D:2      | Reached XP level 4. HP: 29/29 MP: 4/4
  1217 | D:3      | HP: 1/29 [orc/+0 short sword (1)]
  1316 | D:3      | Found a glowing drain.
  1337 | Sewer    | Entered a sewer
  1342 | Sewer    | Reached XP level 5. HP: 30/33 MP: 5/5
  1445 | Sewer    | Noticed a kobold brigand
  1445 | Sewer    | Noticed a kobold brigand
  1463 | Sewer    | Killed a kobold brigand
  1482 | Sewer    | Killed a kobold brigand
  1483 | Sewer    | Reached XP level 6. HP: 26/39 MP: 6/6
  1915 | D:3      | Reached XP level 7. HP: 43/44 MP: 7/7
  1929 | D:3      | Found a glowing golden altar of the Shining One.
  1943 | D:3      | Reached skill level 5 in Armour
  2306 | D:3      | Noticed Ijyb
  2310 | D:3      | Paralysed by Ijyb for 4 turns
  2316 | D:3      | Paralysed by Ijyb for 4 turns
  2344 | D:3      | Killed Ijyb
  2788 | D:3      | Noticed Terence
  2795 | D:3      | Killed Terence
  3013 | D:4      | Gained mutation: You are strong-willed. (Will+) [potion of
                  | mutation]
  3013 | D:4      | Gained mutation: Your spells are a little harder to cast,
                  | but a little more powerful. [potion of mutation]
  3013 | D:4      | Gained mutation: You possess an exceptional clarity of
                  | mind. [potion of mutation]
  3080 | D:4      | Reached skill level 5 in Axes
  3268 | D:4      | Noticed Eustachio
  3346 | D:4      | HP: 2/44 [ufetubus[Eustachio] (2)]
  3362 | D:4      | HP: 1/44 [Eustachio/+4 antimagic rapier (2)]
  3365 | D:4      | Slain by a quasit

Illustrated notes

Levels and vault maps discovered:
D:1:      dpeg_arrival_pits, layout_loops_cross, grunt_decor_junction
D:2:      layout_loops_ring, uniq_jessica
D:3:      kennysheep_goblin_castle, layout_basic, mainiacjoe_overflow_catwalk,
          portal_sewer_entry_b, st_stairs_2, chequers_hall_statues_corner_a,
          due_unseen_surprise, uniq_ijyb, uniq_terence
D:4:      layout_loops_corners, serial_shops, nicolae_shop_statue_plus,
          dreamdust_wishing_well, st_stairs_8, uniq_eustachio

Skill      XL: |  1  2  3  4  5  6  7 |
---------------+----------------------+-----
Axes           | 2 3 4 5 |  5.0
Armour         | 4 5 |  5.3
Fighting       | 4 |  4.9
Shields        | 4 |  4.6
Dodging        | |  0.2

Action                   |  1- 3 |  4- 6 |  7- 9 || total
-------------------------+-------+-------+-------++-------
Melee: War axe           |    83 |   176 |   219 ||   478
  Use: Scroll            |       |     3 |     2 ||     5
       Potion            |       |       |     4 ||     4
Armor: Scale mail        |    58 |    96 |   174 ||   328
Dodge: Dodged            |    52 |    76 |   172 ||   300
Block: Buckler           |    14 |    40 |    78 ||   132

Table legend: (Time is in decaauts)
 A = Elapsed time spent in this place.
 B = Non-inter-level travel time spent in this place.
 C = Inter-level travel time spent in this place.
 D = Time resting spent in this place.
 E = Time spent auto-exploring this place.
 F = Levels seen in this place.
 G = Mean time per level.
                   A        B        C        D        E       F      G
               +--------+--------+--------+--------+--------+-----+--------+
         Total |   3600 |   3570 |     30 |    114 |   2310 |   5 |  720.0 |
       Dungeon |   2940 |   2910 |     30 |    114 |   1959 |   4 |  735.0 |
         Sewer |    660 |    660 |      0 |      0 |    350 |   1 |  660.0 |
               +--------+--------+--------+--------+--------+-----+--------+

Top non-repeatable levels by time:
     D:3: 1331 daAuts
     D:2: 679 daAuts
   Sewer: 660 daAuts
     D:1: 545 daAuts
     D:4: 385 daAuts
